Cogmind - Beta 13 @@@ ROGUE MODE // 2024.04.08 @ 00:35:46 Player: SnowyImp Result: Destroyed by X-77 Beamer with Gatling Laser Performance ------------- Evolutions (5) 2500 Regions Visited (10) 2000 Robots Destroyed (42) 210 Value Destroyed (1560) 1560 Prototype IDs (5) 100 Alien Tech Used (0) 0 Bonus (60) 60 TOTAL SCORE: 6430 Bonus ------- Follower Combat Kills 60 Cogmind --------- Core Integrity 0/1000 Matter 275/300 Energy 85/100 System Corruption 2% Temperature Cool (12) Movement Walking (90) Location -5/Factory Parts ------- > --- POWER (1) -------- (None) > --- PROPULSION (6) --- Improved VSS Leg > --- UTILITY (8) ------ Advanced Weight Redist. System Visual Processing Unit Improved Melee Analysis Suite Core Analyzer Improved System Shield > --- WEAPON (2) ------- Heavy Flail Shock Maul > --- INVENTORY (5) ---- Power Amplifier Enhanced Optical Array Advanced System Shield KE Penetrator KE Penetrator Peak State ------------ > --- POWER ------------ Heavy Deuterium Engine > --- PROPULSION ------- Aerolev Unit Aerolev Unit Aerolev Unit Improved Gravmag System Antigrav System Antigrav System > --- UTILITY ---------- Heat Sink Visual Processing Unit Improved Signal Interpreter Improved Melee Analysis Suite Core Analyzer Improved Medium Armor Plating EM Disruption Field Improved Hacking Suite > --- WEAPON ----------- Chainsword Chainsword > --- INVENTORY -------- Gravmag Array Advanced Weight Redist. System Improved System Shield Power Sword [Rating: 72] Favorites ----------- Power Ion Engine Engine Ion Engine Power Core Neutrino Core Propulsion Aerolev Unit Treads Light Treads Leg Aluminum Leg Wheel Wheel Hover Unit Aerolev Unit Flight Unit Improved VTOL Module Utility Hardened Light Armor Plating Device Heat Sink Storage Medium Storage Unit Processor Improved Melee Analysis Suite Hackware Improved Hacking Suite Protection Hardened Light Armor Plating Weapon Medium Laser Energy Gun Medium Laser Impact Weapon Shock Maul Slashing Weapon Chainsword Piercing Weapon Spear Build | -11 -10 -10 -10 -9 -8 -7 -7 -7 -6 -5 ------- Run | Yrd Mat Min Exi Min Mat Fac Low Low Fac Fac Slots Evolved 10 | . . . . . 4 2 . . 2 2 Power . | . . . . . . . . . . . Propulsion 4 | . . . . . 2 . . . . 2 Utility 6 | . . . . . 2 2 . . 2 . Weapon . | . . . . . . . . . . . Parts Attached 86 | 4 6 . . 11 21 12 . . 7 25 Power 12 | 1 . . . 1 3 1 . . 1 5 Engine 7 | 1 . . . 1 3 1 . . 1 . Core 5 | . . . . . . . . . . 5 Reactor . | . . . . . . . . . . . Propulsion 32 | 2 . . . 8 12 . . . 2 8 Treads 3 | . . . . . 3 . . . . . Leg 12 | 2 . . . 5 1 . . . . 4 Wheel 5 | . . . . 3 2 . . . . . Hover 11 | . . . . . 5 . . . 2 4 Flight 1 | . . . . . 1 . . . . . Utility 24 | . 4 . . . 4 6 . . 2 8 Device 9 | . . . . . 2 2 . . . 5 Storage 1 | . . . . . . . . . . 1 Processor 5 | . . . . . 1 3 . . 1 . Hackware 2 | . . . . . . . . . . 2 Protection 7 | . 4 . . . 1 1 . . 1 . Artifact . | . . . . . . . . . . . Weapon 18 | 1 2 . . 2 2 5 . . 2 4 Energy Gun 7 | 1 2 . . 2 2 . . . . . Energy Cannon . | . . . . . . . . . . . Ballistic Gun . | . . . . . . . . . . . Ballistic Cannon . | . . . . . . . . . . . Launcher . | . . . . . . . . . . . Special Weapon . | . . . . . . . . . . . Impact Weapon 3 | . . . . . . 1 . . . 2 Slashing Weapon 7 | . . . . . . 3 . . 2 2 Piercing Weapon 1 | . . . . . . 1 . . . . Special Melee Weapon . | . . . . . . . . . . . Unidentified Prototypes 5 | . . . . . 2 1 . . 1 1 Parts Lost 40 | . . . . 5 7 . . . 1 27 Power 7 | . . . . 1 2 . . . . 4 Propulsion 14 | . . . . 1 3 . . . . 10 Utility 13 | . . . . 2 . . . . 1 10 Weapon 6 | . . . . 1 2 . . . . 3 Highest Loss Streak 8 | . . . . 3 5 . . . 1 8 To Critical Strikes 1 | . . . . . 1 . . . . . Average Slot Usage (%) 87 | . 85 100 100 85 73 96 100 100 97 70 Engine 8 | . 14 14 14 13 7 7 7 7 6 1 Treads 1 | . . . . . 10 . . . . . Leg 11 | . 28 28 28 17 2 . . . . 3 Wheel 2 | . . . . 6 12 . . . . . Hover 11 | . . . . . 9 30 30 30 26 11 Device 5 | . . . . . 4 12 15 15 13 8 Processor 10 | . . . . . 4 18 23 23 26 22 Protection 14 | . 27 28 28 21 4 10 7 7 10 1 Energy Gun 12 | . 14 28 28 26 18 2 . . . . Slashing Weapon 4 | . . . . . . 10 15 15 13 6 Naked Turns . | . . . . . . . . . . . Heaviest Build 31 | 7 19 19 19 19 19 23 21 21 28 31 Greatest Support 60 | 20 20 20 20 25 60 32 32 32 34 56 Greatest Overweight (x) 9 | . . . . 1 1 . . . . 9 Average Overweight (x) . | . . . . . . . . . . . Largest Inventory Capacity 10 | 5 5 5 5 5 5 5 5 5 5 10 Average Capacity 5 | 5 5 5 5 5 5 5 5 5 5 6 Most Carried 6 | 2 5 5 5 5 5 5 5 5 5 6 Average Carried 4 | 1 4 4 5 4 2 4 5 5 4 4 Final Capacity 5 | 5 5 5 5 5 5 5 5 5 5 5 Final Carried 5 | 2 5 5 5 4 5 5 5 5 5 5 Class Distribution -------------------- 51% | Mutant 26% | Scavenger-Scout 13% | Scavenger-Mutant 5% | Scavenger-Gladiator Dominant Class ---------------- Mutant | -10/Materials Mutant | -10/Mines Mutant | -10/Exiles Mutant | -9/Mines Scavenger-Mutant | -8/Materials Scavenger-Scout | -7/Factory Scavenger-Scout | -7/Lower Caves Scavenger-Scout | -7/Lower Caves Scavenger-Scout | -6/Factory Scavenger-Mutant | -5/Factory Resources | -11 -10 -10 -10 -9 -8 -7 -7 -7 -6 -5 ----------- Run | Yrd Mat Min Exi Min Mat Fac Low Low Fac Fac Matter Collected 1059 | 240 20 40 . 209 116 117 29 57 40 191 Remotely . | . . . . . . . . . . . Salvage Created 1930 | . 139 . . 133 399 75 46 52 74 1012 Parts 70 | . 4 . . . 18 7 4 4 2 31 Haulers Intercepted . | . . . . . . . . . . . Recyclers Shooed . | . . . . . . . . . . . Parts Field Recycled . | . . . . . . . . . . . Retrieved Matter . | . . . . . . . . . . . Parts Self-Destructed 8 | . . . . . . . 4 4 . . Prevented . | . . . . . . . . . . . Kills | -11 -10 -10 -10 -9 -8 -7 -7 -7 -6 -5 ------- Run | Yrd Mat Min Exi Min Mat Fac Low Low Fac Fac Combat Hostiles Destroyed 46 | . 5 . . 9 12 1 1 2 1 15 Melee 13 | . . . . . . 1 1 2 1 8 Guns 25 | . 5 . . 9 11 . . . . . AOE 1 | . . . . . 1 . . . . . Classes Destroyed 11 | . 2 . . 1 2 1 1 . . 4 Worker 1 | . . . . . . . . . . 1 Recycler 2 | . . . . . . . . . . 2 Watcher 2 | . . . . . . 1 . . 1 . Swarmer 15 | . 3 . . . 6 . . 2 . 4 Grunt 11 | . 2 . . . 4 1 . . . 4 Brawler 1 | . . . . . 1 . . . . . Sentry 2 | . . . . . 1 . . . . 1 Specialist 2 | . . . . . . . . . . 2 Hunter 2 | . . . . . . . . . . 2 Programmer 4 | . . . . . . . 1 . 1 2 Assembled 9 | . . . . 9 . . . . . . Best Kill Streak 4 | . 3 . . 3 3 1 1 2 1 4 Combat Bots Only 4 | . 3 . . 3 3 1 1 2 1 4 Max Kills in Single Turn 1 | . 1 . . 1 1 1 1 1 1 1 Gunslinging . | . . . . . . . . . . . Exploded 1 | . . . . . 1 . . . . . Melee 1 | . . . . . . 1 1 1 1 1 Uniques/NPCs Destroyed . | . . . . . . . . . . . Combat | -11 -10 -10 -10 -9 -8 -7 -7 -7 -6 -5 -------- Run | Yrd Mat Min Exi Min Mat Fac Low Low Fac Fac Hostile Shots Fired 486 | . 29 4 . 70 70 . 23 16 19 255 Missed 157 | . 4 2 . 18 21 . 10 7 7 88 Damage Taken 5728 | . 284 22 . 972 774 . 181 138 180 3177 Core 1508 | . 75 . . 157 154 . 81 . 29 1012 Absorbed by Shields . | . . . . . . . . . . . Redirected to Shielding 108 | . . . . . . . 32 47 29 . Ignored by Resistances 49 | . . . . . . . . . . 49 Core Remaining (%) 72 | 100 . . . 7 72 . . 88 96 . Volleys Fired 100 | . 25 . . 37 38 . . . . . Largest 2 | . 1 . . 2 2 . . . . . Hottest 100 | . 50 . . 100 100 . . . . . Shots Fired 175 | . 25 . . 73 77 . . . . . Gun 175 | . 25 . . 73 77 . . . . . Cannon . | . . . . . . . . . . . Launcher . | . . . . . . . . . . . Special . | . . . . . . . . . . . Kinetic . | . . . . . . . . . . . Thermal 175 | . 25 . . 73 77 . . . . . Explosive . | . . . . . . . . . . . Electromagnetic . | . . . . . . . . . . . Robot Hit Streak 12 | . 7 . . 8 12 . . . . . Robot Miss Streak 4 | . 2 . . 4 4 . . . . . Penetration Max . | . . . . . . . . . . . Secondary Targets 2 | . . . . 1 1 . . . . . Max Gunslinging Chain 1 | . . . . 1 1 . . . . . Shots Hit Robots 186 | . 17 . . 41 50 3 4 6 12 53 Core Hits 66 | . 8 . . 15 22 2 1 2 2 14 Critical Kills . | . . . . . . . . . . . Critical Parts Destroyed 8 | . . . . . . . . . . 8 Critical Strikes 26 | . 1 . . 4 5 . 1 1 . 14 Burn 10 | . 1 . . 4 5 . . . . . Smash 8 | . . . . . . . . . . 8 Sever 8 | . . . . . . . 1 1 . 6 Melee Attacks 120 | . . . . . . 4 5 8 19 84 Impact 32 | . . . . . . . . . . 32 Slashing 88 | . . . . . . 4 5 8 19 52 Piercing . | . . . . . . . . . . . Sneak Attacks 4 | . . . . . . . . . . 4 Combat Hostiles 1 | . . . . . . . . . . 1 Follow-up Attacks 11 | . . . . . . 1 2 1 2 5 Damage Inflicted 4828 | . 217 . . 526 708 113 145 229 495 2395 Guns 1362 | . 212 . . 526 624 . . . . . Cannons . | . . . . . . . . . . . Explosions 84 | . . . . . 84 . . . . . Melee 3377 | . . . . . . 113 145 229 495 2395 Ramming 5 | . 5 . . . . . . . . . Kinetic . | . . . . . . . . . . . Thermal 1362 | . 212 . . 526 624 . . . . . Explosive 84 | . . . . . 84 . . . . . Electromagnetic . | . . . . . . . . . . . Impact 974 | . . . . . . . . . . 974 Slashing 2403 | . . . . . . 113 145 229 495 1421 Piercing . | . . . . . . . . . . . Highest Corruption 4 | . 2 2 2 2 4 . . . 1 2 Average Corruption 2 | . 2 2 2 2 4 . . . 1 1 Corruption Purged . | . . . . . . . . . . . Corruption Blocked . | . . . . . . . . . . . Effects 27 | . . 3 5 8 11 . . . . . Message Errors 4 | . . . 1 3 . . . . . . Matter Fused 9 | . . . 2 2 5 . . . . . Heat Flow Errors 4 | . . 1 1 1 1 . . . . . Energy Discharges 3 | . . 1 . . 2 . . . . . Parts Rejected 1 | . . . . 1 . . . . . . Parts Fused 1 | . . . 1 . . . . . . . Data Loss (minor) 1 | . . . . . 1 . . . . . Data Loss (major) 2 | . . 1 . . 1 . . . . . Misfires 2 | . . . . 1 1 . . . . . Overload Shots . | . . . . . . . . . . . Overflow Damage 704 | . . . . . . . . 16 77 611 Projectiles . | . . . . . . . . . . . Explosions . | . . . . . . . . . . . Melee 704 | . . . . . . . . 16 77 611 Knockbacks 2 | . . . . . . . . . . 2 Impact 2 | . . . . . . . . . . 2 Kinetic . | . . . . . . . . . . . Secondary . | . . . . . . . . . . . Self-Inflicted Damage 144 | . . . . . 144 . . . . . Shots 2 | . . . . . 2 . . . . . Rammed . | . . . . . . . . . . . Targets Rammed 2 | . 2 . . . . . . . . . Kicked 2 | . 2 . . . . . . . . . Crushed . | . . . . . . . . . . . Highest Temperature 589 | . 385 127 212 589 235 . . . . . Average Temperature 156 | . 163 63 135 199 63 . . . . . Received Heat Transfer 983 | . 114 12 . 275 261 . 39 9 . 273 Effects 9 | . 1 . . 8 . . . . . . Shutdowns 2 | . . . . 2 . . . . . . Energy Bleed 1 | . . . . 1 . . . . . . Interference 2 | . 1 . . 1 . . . . . . Matter Decay 2 | . . . . 2 . . . . . . Short Circuit 2 | . . . . 2 . . . . . . Siege Activations . | . . . . . . . . . . . Robots Corrupted . | . . . . . . . . . . . Combat Hostiles . | . . . . . . . . . . . Parts Fried 5 | . . . . . . . . . . 5 Impact Corruptions 14 | . . . . . . . . . . 14 Robots Melted . | . . . . . . . . . . . Combat Hostiles . | . . . . . . . . . . . Parts Melted 8 | . 4 . . . 4 . . . . . Heat Transferred 4773 | . 703 . . 1850 2220 . . . . . Parts Sabotaged . | . . . . . . . . . . . Parts Stolen . | . . . . . . . . . . . Parts Stripped . | . . . . . . . . . . . Power Chain Reactions . | . . . . . . . . . . . Alert | -11 -10 -10 -10 -9 -8 -7 -7 -7 -6 -5 ------- Run | Yrd Mat Min Exi Min Mat Fac Low Low Fac Fac Peak Influence 347 | . 149 20 . 100 338 193 . . 291 347 Initial 229 | . . 5 . . . 121 . . 229 142 Average 135 | . 52 14 . 48 177 148 . . 253 247 Maximum Alert Level 1 | . . . . . 1 . . . 1 1 Low Security (%) 67 | 100 100 100 . 100 65 100 . . . 21 Level 1 32 | . . . . . 34 . . . 100 78 Level 2 . | . . . . . . . . . . . Level 3 . | . . . . . . . . . . . Level 4 . | . . . . . . . . . . . Level 5 . | . . . . . . . . . . . High Security . | . . . . . . . . . . . Max Security . | . . . . . . . . . . . Squads Dispatched 12 | . . . . . 2 3 . . 2 5 Investigation 6 | . . . . . 2 1 . . 1 2 Extermination 2 | . . . . . . 1 . . 1 . Reinforcement 4 | . . . . . . 1 . . . 3 Assault . | . . . . . . . . . . . Garrison . | . . . . . . . . . . . Intercept . | . . . . . . . . . . . Searches Triggered . | . . . . . . . . . . . Construction Impeded . | . . . . . . . . . . . Haulers Reinforced . | . . . . . . . . . . . Active Scanning Responses . | . . . . . . . . . . . Cargo Convoy Interrupts 1 | . . . . . . . . . . 1 Stealth | -11 -10 -10 -10 -9 -8 -7 -7 -7 -6 -5 --------- Run | Yrd Mat Min Exi Min Mat Fac Low Low Fac Fac Distress Signals 5 | . 1 . . . 1 1 . . . 2 Communications Jammed . | . . . . . . . . . . . Distress Signals . | . . . . . . . . . . . Times Spotted 129 | . 10 3 . 19 17 6 11 7 6 50 Peak Tracking Total 18 | . 4 2 . 6 5 3 11 3 3 18 Tactical Retreats 25 | . . 1 . 4 2 1 4 4 1 8 Traps | -11 -10 -10 -10 -9 -8 -7 -7 -7 -6 -5 ------- Run | Yrd Mat Min Exi Min Mat Fac Low Low Fac Fac Traps Triggered 4 | . 1 . . . . . . . 1 2 Indirectly . | . . . . . . . . . . . Trap Hack Attempts . | . . . . . . . . . . . Triggered . | . . . . . . . . . . . Disarmed . | . . . . . . . . . . . Reprogrammed . | . . . . . . . . . . . Reused . | . . . . . . . . . . . Traps Extracted . | . . . . . . . . . . . Installed . | . . . . . . . . . . . Triggered 1 | . . . . . . . . 1 . . Machines | -11 -10 -10 -10 -9 -8 -7 -7 -7 -6 -5 ---------- Run | Yrd Mat Min Exi Min Mat Fac Low Low Fac Fac Machines Disabled 5 | . . . . 2 3 . . . . . Max in Single Turn 3 | . . . . . 3 . . . . . Machines Repaired . | . . . . . . . . . . . Machines Dismantled . | . . . . . . . . . . . Machines Sabotaged . | . . . . . . . . . . . Overloaded Fab Kills . | . . . . . . . . . . . Hacking | -11 -10 -10 -10 -9 -8 -7 -7 -7 -6 -5 --------- Run | Yrd Mat Min Exi Min Mat Fac Low Low Fac Fac Machines Accessed 15 | . 2 . . . 4 4 . 1 2 2 Terminals 8 | . 1 . . . 3 2 . . 1 1 Fabricators 1 | . . . . . . 1 . . . . Repair Stations . | . . . . . . . . . . . Recycling Units 1 | . 1 . . . . . . . . . Scanalyzers 3 | . . . . . 1 1 . . . 1 Garrison Access 1 | . . . . . . . . . 1 . Total Hacks 38 | . 5 . . . 13 8 . 1 5 6 Successful 19 | . 4 . . . 7 2 . 1 1 4 Failed 19 | . 1 . . . 6 6 . . 4 2 Catastrophic 3 | . . . . . . . . . 1 2 Database Lockouts . | . . . . . . . . . . . Manual 21 | . 4 . . . 9 5 . . . 3 Terminals 23 | . 4 . . . 9 5 . . 2 3 Fabricators 1 | . . . . . . 1 . . . . Repair Stations . | . . . . . . . . . . . Recycling Units 1 | . 1 . . . . . . . . . Scanalyzers 9 | . . . . . 4 2 . . . 3 Garrison Access 3 | . . . . . . . . . 3 . Terminal Hacks 3 | . 1 . . . . . . 1 1 . Open Door 1 | . . . . . . . . 1 . . Branch Access Points 1 | . 1 . . . . . . . . . Locate Traps 1 | . . . . . . . . . 1 . Fabricator Hacks 1 | . . . . . . 1 . . . . Network Status 1 | . . . . . . 1 . . . . Repair Station Hacks . | . . . . . . . . . . . Recycling Unit Hacks 1 | . 1 . . . . . . . . . Retrieve Components 1 | . 1 . . . . . . . . . Scanalyzer 7 | . . . . . 4 . . . . 3 Insert Component 3 | . . . . . 2 . . . . 1 Analyze 4 | . . . . . 2 . . . . 2 Garrison Access Hacks . | . . . . . . . . . . . Unauthorized Hacks 7 | . 2 . . . 3 1 . . . 1 Terminals 7 | . 2 . . . 3 1 . . . 1 Assimilate 1 | . 1 . . . . . . . . . Botnet 6 | . 1 . . . 3 1 . . . 1 Fabricators . | . . . . . . . . . . . Repair Stations . | . . . . . . . . . . . Recycling Units . | . . . . . . . . . . . Scanalyzers . | . . . . . . . . . . . Garrison Access . | . . . . . . . . . . . Data Cores Recovered . | . . . . . . . . . . . Used . | . . . . . . . . . . . Hacking Detections 12 | . 1 . . . 4 3 . . 2 2 Full Trace Events 6 | . 1 . . . 2 1 . . 1 1 Feedback Events . | . . . . . . . . . . . Feedback Blocked . | . . . . . . . . . . . Robot Schematics Acquired . | . . . . . . . . . . . Robots Built . | . . . . . . . . . . . Authchips . | . . . . . . . . . . . Time . | . . . . . . . . . . . Total Robot Build Rating . | . . . . . . . . . . . Part Schematics Acquired 3 | . . . . . 2 . . . . 1 Parts Built . | . . . . . . . . . . . Authchips . | . . . . . . . . . . . Time . | . . . . . . . . . . . Total Part Build Rating . | . . . . . . . . . . . Parts Repaired . | . . . . . . . . . . . Time . | . . . . . . . . . . . Parts Recycled . | . . . . . . . . . . . Recycled Matter . | . . . . . . . . . . . Retrieved Matter . | . . . . . . . . . . . Retrieved Components 5 | . 5 . . . . . . . . . Parts Scanalyzed 3 | . . . . . 2 . . . . 1 Part Schematics Acquired 3 | . . . . . 2 . . . . 1 Parts Damaged 1 | . . . . . 1 . . . . . Bothacking | -11 -10 -10 -10 -9 -8 -7 -7 -7 -6 -5 ------------ Run | Yrd Mat Min Exi Min Mat Fac Low Low Fac Fac Used RIF Installer . | . . . . . . . . . . . Robots Hacked . | . . . . . . . . . . . Non-combat . | . . . . . . . . . . . Combat . | . . . . . . . . . . . Robot Hacks Applied . | . . . . . . . . . . . Relay Couplers Released . | . . . . . . . . . . . Fabnet Peak Effective % . | . . . . . . . . . . . Robots Rewired 2 | . . . 2 . . . . . . . Allies Hacked . | . . . . . . . . . . . Hacks Repelled . | . . . . . . . . . . . Allies | -11 -10 -10 -10 -9 -8 -7 -7 -7 -6 -5 -------- Run | Yrd Mat Min Exi Min Mat Fac Low Low Fac Fac Total Allies 2 | . . . 2 . . . . . . . Largest Group 2 | . . . 2 2 . . . . . . Highest-Rated Group 29 | . . . 29 29 . . . . . . Highest-Rated Ally 21 | . . . 21 21 . . . . . . Total Orders . | . . . . . . . . . . . Ally Attacks 20 | . . . . 20 . . . . . . Total Damage 275 | . . . . 275 . . . . . . Kills 4 | . . . . 4 . . . . . . Allies Corrupted . | . . . . . . . . . . . Allies Melted 1 | . . 1 . . . . . . . . Intel | -11 -10 -10 -10 -9 -8 -7 -7 -7 -6 -5 ------- Run | Yrd Mat Min Exi Min Mat Fac Low Low Fac Fac Robot Analysis Total . | . . . . . . . . . . . Derelict Logs Recovered 2 | . . 2 . . . . . . . . Drone Launches . | . . . . . . . . . . . Drone Recoveries . | . . . . . . . . . . . Exploration | -11 -10 -10 -10 -9 -8 -7 -7 -7 -6 -5 ------------- Run | Yrd Mat Min Exi Min Mat Fac Low Low Fac Fac Turns Passed 4467 | 63 539 420 336 605 490 315 231 306 395 767 Spaces Moved 4893 | 49 244 348 273 364 414 642 357 757 728 717 Core 142 | 4 . . . . . . . . . 138 Treads 34 | . . . . . 34 . . . . . Legs 1275 | 45 244 348 273 231 . . . . . 134 Wheels 322 | . . . . 133 189 . . . . . Hover 3120 | . . . . . 191 642 357 757 728 445 Flight . | . . . . . . . . . . . Fastest Speed 35 | 50 120 120 120 80 38 38 38 38 38 35 Average Speed 65 | 114 120 120 120 118 67 38 38 38 38 63 Slowest Speed 500 | 120 120 120 120 190 160 38 38 38 40 500 Overloaded Moves . | . . . . . . . . . . . Propulsion Burnouts . | . . . . . . . . . . . Robots Hopped . | . . . . . . . . . . . Cave-ins Triggered . | . . . . . . . . . . . Exploration Rate (%) 40 | 3 36 83 70 38 38 22 56 70 12 18 Regions Visited 10 Branch Regions 5 Pre-discovered Areas 1 | . . 1 . . . . . . . . Known Exits Taken 5 | . 1 . . . . 1 1 1 1 . Unknown Exits Taken 5 | 1 . 1 1 1 1 . . . . . Scrap Searched 4 | . . 2 . . . . 2 . . . Spaces Dug 18 | . . . . . . . . . 1 17 Terrain Destroyed 55 | . . . . . 37 . . . 1 17 Melee 18 | . . . . . . . . . 1 17 Projectile . | . . . . . . . . . . . AOE 37 | . . . . . 37 . . . . . Terrain Rammed . | . . . . . . . . . . . Walls Destroyed . | . . . . . . . . . . . Machines Disabled . | . . . . . . . . . . . Actions | -11 -10 -10 -10 -9 -8 -7 -7 -7 -6 -5 --------- Run | Yrd Mat Min Exi Min Mat Fac Low Low Fac Fac Total 5796 | 54 465 351 281 468 547 709 446 763 822 890 Wait 520 | . 175 2 3 47 48 39 87 . 58 61 Move 4883 | 48 243 347 272 363 413 641 356 756 727 717 Hop . | . . . . . . . . . . . Pick Up 41 | 2 8 1 . 3 10 3 . . 5 9 Fast Attach 56 | 4 4 . . 4 16 10 . . 3 15 Attach 21 | . . . . 4 5 2 . . 1 9 Detach 7 | . . . . . 5 1 . . . 1 Swap 9 | . 2 . . 3 . . . . 3 1 Drop 48 | . 6 1 . 7 12 11 . . 10 1 Fire 100 | . 25 . . 37 38 . . . . . Melee 103 | . . . . . . 2 3 7 15 76 Ram . | . . . . . . . . . . . Kick 2 | . 2 . . . . . . . . . Crush . | . . . . . . . . . . . Escape Stasis . | . . . . . . . . . . . Rewire 6 | . . . 6 . . . . . . . Trap . | . . . . . . . . . . . Miscellaneous . | . . . . . . . . . . . Route ------- -11/Scrapyard -10/Materials (discovered 2 exits: *Min x2) -10/Mines (discovered 3 exits: [*Mat x2] / *Exi) -10/Exiles -9/Mines -8/Materials -7/Factory -7/Lower Caves -7/Lower Caves -6/Factory -5/Factory History --------- Turn | Location | Event 3 | -11/Scrapyard | Discovered new exit (range 15) 64 | -11/Scrapyard | Entered Materials 306 | -10/Materials | Build established: Mutant 362 | -10/Materials | Identified exit to Mines 603 | -10/Materials | Entered Mines 612 | -10/Mines | Joined a pair of Derelicts in attacking an 0b10 outpost 730 | -10/Mines | Received a Rocket Launcher from a helpful Derelict 732 | -10/Mines | Discovered new exit (range 14) 941 | -10/Mines | Discovered new exit (range 10) 1008 | -10/Mines | Learned Materials stockpile data 1011 | -10/Mines | Learned location of Storage (-7) 1017 | -10/Mines | Deemed a non-threat by the Exiles lab entrance 1019 | -10/Mines | Discovered new exit (range 5) 1023 | -10/Mines | Entered Exiles 1023 | -10/Exiles | Found Exiles lab destroyed 1346 | -10/Exiles | Discovered new exit (range 10) 1359 | -10/Exiles | Entered Mines 1359 | -9/Mines | Accompanied by 2 allies 1424 | -9/Mines | Assembled infested the area 1682 | -9/Mines | Core integrity fell below 50% 1785 | -9/Mines | Core integrity fell below 20% 1820 | -9/Mines | Lost 3 parts (1n1u1w) 1905 | -9/Mines | Discovered new exit (range 10) 1964 | -9/Mines | Entered Materials 1964 | -8/Materials | Evolved 4 slots: Propulsion x2, Utility x2 2131 | -8/Materials | Lost 5 parts (3n2w) 2454 | -8/Materials | Discovered new exit (range 3) 2454 | -8/Materials | Entered Factory 2454 | -7/Factory | Evolved 2 slots: Utility x2 2539 | -7/Factory | Discovered new exit (range 6) 2768 | -7/Factory | Identified exit to Lower Caves 2769 | -7/Factory | Entered Lower Caves 2774 | -7/Lower Caves | Spotted B-75 Beast 2784 | -7/Lower Caves | Attracted the attention of an 0b10 outpost 2856 | -7/Lower Caves | Encountered a Warlord checkpoint 2872 | -7/Lower Caves | Discovered new exit (range 13) 2876 | -7/Lower Caves | Identified exit to Lower Caves 2885 | -7/Lower Caves | Build established: Scavenger-Scout 3000 | -7/Lower Caves | Entered another Lower Caves area 3002 | -7/Lower Caves | Discovered new exit (range 3) 3003 | -7/Lower Caves | Identified exit to Factory 3070 | -7/Lower Caves | Encountered a Warlord checkpoint 3101 | -7/Lower Caves | Spotted B-75 Beast 3306 | -7/Lower Caves | Entered Factory 3306 | -6/Factory | Evolved 2 slots: Utility x2 3363 | -6/Factory | Discovered new exit (range 17) 3370 | -6/Factory | Identified exit to Factory 3701 | -6/Factory | Entered another Factory area 3701 | -5/Factory | Evolved 2 slots: Propulsion x2 3710 | -5/Factory | Spotted B-75 Beast 3934 | -5/Factory | Lost 7 parts (3n3u1w) 4122 | -5/Factory | Lost 5 parts (3n1u1w) 4227 | -5/Factory | Lost 4 parts (1p2n1w) 4336 | -5/Factory | Core integrity fell below 50% 4393 | -5/Factory | Cargo convoy interrupted 4408 | -5/Factory | Core integrity fell below 20% 4429 | -5/Factory | Lost 8 parts (3p1n4u) 4468 | -5/Factory | Destroyed by X-77 Beamer with Gatling Laser Last Messages --------------- 04403_ S-27 Virus system corrupted by crushing effect. 04404_ S-27 Virus system terminally corrupted. 04404_ Autogun fried. 04406_ S-27 Virus destroyed. 04407_ Slug penetrates Wall. 04412_ P-70 Sage suffers critical hit (Smash). 04412_ Destroyed Antigrav System. 04412_ P-70 Sage system corrupted by crushing effect. 04413_ Slug penetrates Wall. 04417_ M-28 Smith fits Backup Propulsion III on P-70 Sage. 04418_ Door malfunctions. 04427_ Acquired KE Penetrator. 04432_ Imp. Signal Interpreter destroyed. 04447_ Acquired Enh. Optical Array. 04460_ Acquired Adv. System Shield. 04462_ Acquired Hvy. Flail. 04467_ Acquired Imp. VSS Leg. Map ----- +----------------------------------------------------+ | ??????????????????? ???? | | ??????????????????# ???? | | ??????????????????# ???? | | ??????????????????# ???? | | ??????????????????# ???? | | ?????????????????## ##?? | | ????????????????## #?? | | ??????????????? ##? | | ?????????????? ?? | | ????????? ?? | | ?????????# """"""""" ?? | | ?????????# #?? | | ?????????# """"""""" #?? | | ?????????# #?? | | ?????????? "" ]] ##? | | ????????## "Y ]! "## | | ???????+ "" ]! | | ???????# #"# | | ???????# ### | | ######## ## "######+####? | | #[ # #??????# #? | | # """ # #??????# """ #? | | # """ # #??????#! "R" #? | | # """ # #??????# " " #? | | # x # ######## #? | | #@ """ # #"#######? | | # """ x ## #???? | | # """ # ## #???? | | # ##### ## #???? | | # """ #???# ### ###### | | # """ #???# # | | # """ #???# # ! | | # #???# + | | ########???# # | | ???????????# # """ | | ???????????# # """ | | ???????????# # """ | | ???????????# ###### | | ?????####### #????? | | ????? #????? | | ????? ####?? | | ???? "%" #T ### | | ???? " " | | ???# "%" | | ???# " | | ?????##+#### | | ???????????########## | | ?????????????# # | | ?????????????# """ # | | ?????????????# "R" + """ | +----------------------------------------------------+ Best States ------------- Heat Dissipation 54 Energy Generation 19 Energy Capacity 315 Matter Stores 300 Matter Capacity 300 Sight Range 18 Robot Scan Range 15 Terrain Scan Density 10 ECM Strength 1 Additional Mass Support 9 Armor Coverage 300 Resistance: EM 25 Propulsion Shielding 66 Phase Shifting 5 Evasion (%) 60 Melee Accuracy 6 Target Analysis 5 Core Analysis 6 Recoil Reduction 3 Offensive Hacking 12 Defensive Hacking 12 Item Schematics ----------------- Aerolev Unit | -8/Materials | Scanalyzed Cesium-ion Thruster | -8/Materials | Scanalyzed Chainsword | -5/Factory | Scanalyzed Robot Schematics ------------------ None Fabricated ------------ Nothing Alien Tech Used ----------------- None Achievements -------------- None Challenges ------------ None Game ------ Seed SalvagePropulsionChronowheel Manual? 0 Play Time 01:14:09 Cumulative 24.2 hours Start 2024.04.07 @ 22:56:57 End 2024.04.08 @ 00:35:46 Sessions 2 Manual Loads 0 Difficulty Rogue Special Mode None Game No. 33 Rogue 33 Adventurer 0 Explorer 0 Win Type - Total 0 Types 0/0/0/0/0/0/0/0/0 Lore% 13 Gallery% 28 Achievement% 23 Wizard Run 0 Options --------- Layout 1 ASCII 0 Keyboard 0 Movement Numpad Keybinds 0 Fullscreen 1 Font 24/Crisp Map View 50x35 Zoom Use 0% Tactical HUD 1 Map Filters NONE Filters NONE Steam 1 RUN: 59d37b28-b12b-4579-a2e7-b0152822cd98